 Dungeon Crawl Stone Soup version 0.30.1-9-gdf580d7c3d (webtiles) character file.

Game seed: 4985379841136474104

478318 Zonian the Sorcerer (level 23, -3/124 HPs)
             Began as a Deep Elf Ice Elementalist on Oct 11, 2023.
             Was a High Priest of Ashenzari.
             Killed from afar by a hell knight (9 damage)
             ... with a bolt of fire
             ... on level 2 of the Depths on Oct 14, 2023.
             The game lasted 08:33:00 (135296 turns).

Zonian the Sorcerer (Deep Elf Ice Elementalist)   Turns: 135296, Time: 08:33:01

Health: -3/124     AC: 14    Str:  8    XL:     23   Next: 37%
Magic:  9/50       EV: 19    Int: 34    God:    Ashenzari [*****.]
Gold:   1549       SH: 11    Dex: 22    Spells: 4/76 levels left

rFire   + + .        U - +10 double sword of Tenacity {venom, Dex+2 SInv}
rCold   + + +        f - +0 buckler "Anxiety of Ashenzari" {Fort, Elem} (curse)
rNeg    + . .        R - +2 ring mail of the Cursed Sage {rC+, Cun, Self} (curse)
rPois   +            K - -2 hat of the Alchemist {rElec rPois rF+ rC+ rN+ Will+ rMut rCorr, Comp, Elem} (curse)
rElec   +            a - +0 cloak "Prophetic Bitterness" {Evo, Alch} (curse)
rCorr   +            r - +1 pair of gloves "Chained With Me" {Stlth+, Elem, Melee} (curse)
SInv    +            W - +2 pair of boots of Ashenzari's Malaise {rampage, Evo, Alch} (curse)
Will    ++...        h - amulet of Ashenzari's Gnosis {Reflect SH+5, Bglg, Self} (curse)
Stlth   +++++++      d - ring of the Sidereal Jealousy {Will- rCorr AC+4 Str+5 Dex+3, Evo, Range} (curse)
HPRegen 0.40/turn    c - ring "Wiagh" {rC+ Int+6 Dex+2 SInv}
MPRegen 0.32/turn

%: reflection, clarity, resist mutation, rampage
@: resistant (expiring), freezing walls, flying, studying Long Blades, unable to
read, unable to drink
A: [berserk 1], [deformed body], [dopey 2], [frail 2], [low MP 1], [teleportitis
1], [weak 1], [subdued magic 1], [inability to drink after injury 2], [inability
to read after injury 2]
}: 3/15 runes: decaying, serpentine, silver
a: Renounce Religion, Curse Item, Shatter the Chains


You were on level 2 of the Depths.
You worshipped Ashenzari.
Ashenzari was extremely pleased with you.
You visited 9 branches of the dungeon, and saw 41 of its levels.
You visited the Abyss 1 time.
You visited 1 bazaar.
You also visited: Bailey.

You collected 5783 gold pieces.
You spent 4234 gold pieces at shops.

Inventory:

Hand Weapons
 C - the +10 dagger of Kurr {drain, rC- rN+ Int+7 Stlth+}
   (You took it off a deep elf demonologist on level 3 of the Elven Halls)

   Int:       It affects your intelligence (+7).
   rC:        It makes you vulnerable to cold.
   rN:        It protects you from negative energy.
   Stlth:     It makes you more stealthy.
 E - the +5 long sword of Discretion {speed, rPois Dex+4}
   (You found it on level 5 of the Lair of Beasts)

   Dex:       It affects your dexterity (+4).
   rPois:     It protects you from poison.
 F - the +8 falchion of the Exiled Lies {freeze, *Slow rPois rF+++ rC+}
   (You took it off a deep elf zephyrmancer on level 3 of the Elven Halls)

   rF:        It renders you almost immune to fire.
   rC:        It protects you from cold.
   rPois:     It protects you from poison.
   *Slow:     It may slow you when you take damage.
 U - the +10 double sword of Tenacity (weapon) {venom, Dex+2 SInv}
   (You took it off a deep elf high priest on level 3 of the Elven Halls)

   Dex:       It affects your dexterity (+2).
   SInv:      It lets you see invisible.
Missiles
 A - 15 boomerangs
 L - 39 poisoned darts
 P - 2 curare-tipped darts
Armour
 a - the cursed +0 cloak "Prophetic Bitterness" (worn) {Evo, Alch}
   (You found it on level 11 of the Dungeon)

   It has a curse which improves the following skills: Evocations: Evocations.
   Alchemy:   Poison Magic and Transmutations.
 f - the cursed +0 buckler "Anxiety of Ashenzari" (worn) {Fort, Elem}
   (You found it on level 7 of the Dungeon)

   It has a curse which improves the following skills: Fortitude: Armour and
   Shields.
   Elements:  Fire Magic, Ice Magic, Air Magic and Earth Magic.
 r - the cursed +1 pair of gloves "Chained With Me" (worn) {Stlth+, Elem, Melee}
   (You bought it in a shop on level 6 of the Dungeon)

   It has a curse which improves the following skills: Elements: Fire Magic, Ice
   Magic, Air Magic and Earth Magic.
   Melee Combat: Short Blades, Long Blades, Axes, Maces & Flails, Polearms,
   Staves and Unarmed Combat.
 K - the cursed -2 hat of the Alchemist (worn) {rElec rPois rF+ rC+ rN+ Will+ rMut rCorr, Comp, Elem}
   (You found it on level 1 of the Vaults)

   rF:        It protects you from fire.
   rC:        It protects you from cold.
   rElec:     It insulates you from electricity.
   rPois:     It protects you from poison.
   rN:        It protects you from negative energy.
   rCorr:     It protects you from acid and corrosion.
   rMut:      It protects you from mutation.
   Will:      It increases your willpower.
   It has a curse which improves the following skills: Companions: Summonings
   and Necromancy.
   Elements:  Fire Magic, Ice Magic, Air Magic and Earth Magic.
 N - a +2 pair of gloves
 O - a +2 buckler
 R - the cursed +2 ring mail of the Cursed Sage (worn) {rC+, Cun, Self}
   (You took it off an orc on level 8 of the Dungeon)

   It has a curse which improves the following skills: Cunning: Dodging and
   Stealth.
   Introspection: Fighting and Spellcasting.
 S - a +2 kite shield of protection
 W - the cursed +2 pair of boots of Ashenzari's Malaise (worn) {rampage, Evo, Alch}
   (You found it on level 1 of the Elven Halls)

   It has a curse which improves the following skills: Evocations: Evocations.
   Alchemy:   Poison Magic and Transmutations.
Jewellery
 c - the ring "Wiagh" (right hand) {rC+ Int+6 Dex+2 SInv}
   (You took it off a deep elf high priest on level 3 of the Elven Halls)

   [ring of intelligence]

   Int:       It affects your intelligence (+6).
   Dex:       It affects your dexterity (+2).
   rC:        It protects you from cold.
   SInv:      It lets you see invisible.
 d - the cursed ring of the Sidereal Jealousy (left hand) {Will- rCorr AC+4 Str+5 Dex+3, Evo, Range}
   (You found it on level 1 of the Elven Halls)

   [ring of protection]

   AC:        It affects your AC (+4).
   Str:       It affects your strength (+5).
   Dex:       It affects your dexterity (+3).
   rCorr:     It protects you from acid and corrosion.
   Will:      It decreases your willpower.
   It has a curse which improves the following skills: Evocations: Evocations.
   Ranged Combat: Ranged Weapons and Throwing.
 h - the cursed amulet of Ashenzari's Gnosis (around neck) {Reflect SH+5, Bglg, Self}
   (You found it on level 3 of the Dungeon)

   [amulet of reflection]

   It reflects blocked missile attacks.
   SH:        It affects your SH (+5).
   It has a curse which improves the following skills: Beguiling: Conjurations,
   Hexes and Translocations.
   Introspection: Fighting and Spellcasting.
 q - an amulet of the acrobat
 t - a ring of fire
 u - an amulet of magic regeneration
Wands
 g - a wand of mindburst (31)
 j - a wand of digging (15)
 n - a wand of iceblast (11)
 s - a wand of quicksilver (3)
 x - a wand of flame (47)
 Q - a wand of paralysis (14)
Scrolls
 i - a scroll of acquirement
 v - 4 scrolls of enchant armour
 z - a scroll of silence
 D - 4 scrolls of fog
 H - a scroll of fear
 I - 2 scrolls of blinking
 J - a scroll of immolation
 T - 3 scrolls of magic mapping
 V - 9 scrolls of teleportation
 X - 7 scrolls of poison
Potions
 b - 4 potions of magic
 e - 5 potions of brilliance
 k - a potion of resistance
 l - 6 potions of curing
 m - a potion of invisibility
 o - 4 potions of cancellation
 p - 7 potions of might
 w - 4 potions of flight
 y - 7 potions of haste
 B - 4 potions of berserk rage
 M - 2 potions of ambrosia
 Y - a potion of heal wounds
Miscellaneous
 Z - a lightning rod (3/4)


   Skills:
 - Level 15.9(19.0) Fighting
 - Level 7.3(13.1) Short Blades
 - Level 13.2(15.8) Long Blades
 - Level 3.1(5.0) Throwing
 - Level 4.0(6.0) Armour
 - Level 13.9(16.0) Dodging
 - Level 13.3(15.4) Stealth
 - Level 3.3(5.2) Shields
 - Level 24.3(27) Spellcasting
 - Level 5.3(7.4) Conjurations
 - Level 6.6(8.8) Hexes
 - Level 22.5(24.3) Summonings
 + Level 11.3(13.4) Necromancy
 - Level 5.3(7.4) Translocations
 - Level 5.1(8.2) Transmutations
 - Level 8.8(13.0) Fire Magic
 - Level 11.0(15.2) Ice Magic
 - Level 10.8(15.0) Air Magic
 - Level 6.8(10.9) Earth Magic
 + Level 9.0(13.1) Evocations


You had 4 spell levels left.
You knew the following spells:

 Your Spells              Type           Power      Damage    Failure   Level
a - Freeze                Ice            100%       1d10      0%          1
b - Frozen Ramparts       Ice            100%       1d16      0%          3
c - Ozocubu's Armour      Ice            86%        N/A       0%          3
d - Blink                 Tloc           100%       N/A       1%          2
e - Lesser Beckoning      Tloc           100%       N/A       1%          2
f - Monstrous Menagerie   Summ           52%        N/A       1%          7
g - Passwall              Tmut/Erth      59%        N/A       1%          2
h - Summon Lightning Spi  Summ/Air       95%        N/A       0%          4
i - Tukima's Dance        Hex            69%        N/A       1%          3
j - Fulminant Prism       Conj/Hex       33%        3d15      1%          4
k - Passage of Golubria   Tloc           65%        N/A       1%          4
l - Swiftness             Air            85%        N/A       0%          3
m - Summon Hydra          Summ           52%        N/A       1%          7
n - Airstrike             Air            42%        2d(7-23)  1%          4
o - Mephitic Cloud        Conj/Pois/Air  66%        N/A       1%          3
p - Dispel Undead         Necr           81%        3d26      1%          4
q - Arcjolt               Conj/Air       38%        1d48      1%          5
r - Plasma Beam           Fire/Air       41%        2x1d60    1%          6
s - Borgnjor's Vile Clut  Necr/Erth      39%        N/A       1%          5

Your spell library contained the following spells:

 Spells                   Type           Power      Damage    Failure   Level
 Foxfire                  Conj/Fire      100%       2x1d9     0%          1
 Kiss of Death            Conj/Necr      100%       2d13      0%          1
 Necrotise                Necr           100%       1d9       0%          1
 Sandblast                Erth           100%       2d20      0%          1
 Shock                    Conj/Air       100%       1d9       0%          1
 Summon Small Mammal      Summ           100%       N/A       0%          1
 Call Imp                 Summ           100%       N/A       0%          2
 Ensorcelled Hibernation  Hex/Ice        100%       N/A       0%          2
 Static Discharge         Conj/Air       100%       2-7/arc   0%          2
 Sublimation of Blood     Necr           81%        N/A       0%          2
 Call Canine Familiar     Summ           100%       N/A       0%          3
 Animate Armour           Summ/Erth      100%       N/A       0%          4
 Summon Ice Beast         Ice/Summ       95%        N/A       0%          4
 Apportation              Tloc           100%       N/A       1%          1
 Magic Dart               Conj           100%       1d8       1%          1
 Momentum Strike          Conj/Tloc      100%       3d10      1%          2
 Searing Ray              Conj           100%       2d8       1%          2
 Wereblood                Tmut           67%        N/A       1%          2
 Confusing Touch          Hex            69%        N/A       1%          3
 Gell's Gravitas          Tloc           65%        N/A       1%          3
 Ignite Poison            Fire/Tmut/Pois 64%        N/A       1%          3
 Inner Flame              Hex/Fire       75%        N/A       1%          3
 Portal Projectile        Hex/Tloc       100%       N/A       1%          3
 Stone Arrow              Conj/Erth      100%       3d13      1%          3
 Teleport Other           Tloc           65%        N/A       1%          3
 Vhi's Electric Charge    Tloc/Air       100%       N/A       1%          3
 Ice Form                 Ice/Tmut       77%        N/A       1%          4
 Leda's Liquefaction      Hex/Erth       36%        N/A       1%          4
 Petrify                  Tmut/Erth      71%        N/A       1%          4
 Sticky Flame             Conj/Fire      73%        2d9       1%          4
 Summon Cactus Giant      Summ           52%        N/A       0%          6
 Blade Hands              Tmut           33%        N/A       1%          5
 Irradiate                Conj/Tmut      33%        3d22      1%          5
 Metabolic Englaciation   Hex/Ice        39%        N/A       1%          5
 Silence                  Hex/Air        39%        N/A       1%          5
 Summon Mana Viper        Hex/Summ       89%        N/A       1%          5
 Yara's Violent Unravell  Hex/Tmut       34%        3d14      1%          5
 Malign Gateway           Summ/Tloc      43%        N/A       1%          7
 Summon Horrible Things   Summ           52%        N/A       1%          8
 Conjure Ball Lightning   Conj/Air       38%        3x3d12    2%          6
 Ozocubu's Refrigeration  Ice            43%        4d17      2%          7
 Statue Form              Tmut/Erth      47%        N/A       4%          6
 Alistair's Intoxication  Tmut/Pois      36%        N/A       7%          5
 Dispersal                Tloc           32%        N/A       12%         6
 Enfeeble                 Hex            34%        N/A       34%         7
 Eringya's Noxious Bog    Tmut/Pois      27%        N/A       41%         6
 Orb of Destruction       Conj           32%        9d10      54%         7
 Discord                  Hex            34%        N/A       96%         8
 Disjunction              Tloc           32%        N/A       99%         8


Dungeon Overview and Level Annotations

Branches:
Dungeon (15/15)            Temple (1/1) D:4            Lair (5/5) D:9
  Swamp (4/4) Lair:2        Snake (4/4) Lair:2        Slime (0/5) Lair:5
    Orc (2/2) D:12            Elf (3/3) Orc:2        Vaults (5/5) D:14
  Crypt (0/3) Vaults:3     Depths (2/4) D:15         Bailey (visited)

Altars:
Ashenzari
Cheibriados
Dithmenos
Elyvilon
Fedhas
Gozag
Hepliaklqana
Kikubaaqudgha
Makhleb
Nemelex Xobeh
Okawaru
Qazlal
Ru
Sif Muna
Trog
Uskayaw
Vehumet
Wu Jian
Xom
Yredelemnul
Zin
The Shining One
Jiyva

Shops:
D:6 [   D:7 :   D:8 *   Orc:2 ?[!=[   Elf:2 [   Elf:3 (   Snake:3 =:=
Snake:4 ?   Vaults:3 *   Vaults:5 !   Depths:1 (

Portals:
Hell: Depths:1 Depths:2
Abyss: Snake:3
Pandemonium: Depths:2
Ziggurat: Depths:2
Trove: D:10 (give +4 fire dragon scales)

Annotations:
D:6 Blork the orc
D:7 Duvessa
D:8 Maurice
D:12 Rupert
Snake:3 2 transporters, Xysitod's ghost, adept DsWr
Elf:2 Roxanne


Innate Abilities, Weirdness & Mutations

[You sometimes lose your temper in combat.]
[Armour fits poorly on your strangely shaped body.]
[You are very dopey. (Int -4)]
[You are very frail. (-20% HP)]
[Your magical capacity is low. (-10% MP)]
[You are occasionally teleported next to monsters.]
[You are weak. (Str -2)]
[Your spells are a little easier to cast, but a little less powerful.]
[You sometimes lose the ability to drink potions when taking damage.]
[You sometimes lose the ability to read scrolls when taking damage.]


Message History

The hell knight mumbles some strange prayers to its god against you.
The bolt of fire misses the hell knight.
The bolt of fire hits you. You resist.
* * * LOW HITPOINT WARNING * * *
The wall freezes the hell knight.
You block the hell knight's attack.
The wall freezes the hell knight.
The hell knight mumbles some strange prayers to its god against you.
The bolt of fire hits the hell knight.
The hell knight completely resists.
The bolt of fire hits you. You resist.
* * * LOW HITPOINT WARNING * * *
The heat melts your icy armour.
You completely miss the hell knight.
The hell knight is moderately wounded.
You start to feel less resistant.
The wall freezes the hell knight. x2
The hell knight hits you with a +1 broad axe of pain.
* * * LOW HITPOINT WARNING * * *
The wall freezes the hell knight but does no damage.
Casting: Ozocubu's Armour (safe; 0% risk of failure)
Confirm with . or Enter, or press ? or * to list all spells.
Electricity surges outward!
The hell knight is struck by an electric surge. x2
The hell knight is heavily wounded.
The hell knight is struck by an electric surge!!
The hell knight is severely wounded.
The iron imp resists.
The iron imp is struck by an electric surge.
The iron imp is lightly wounded.
The wall freezes the hell knight but does no damage.
The hell knight hits you with a +1 broad axe of pain!
You feel threatened and lose the ability to read scrolls!
* * * LOW HITPOINT WARNING * * *
The wall freezes the hell knight but does no damage.
The hell knight mumbles some strange prayers to its god against you.
The bolt of fire hits the hell knight.
The hell knight completely resists.
The bolt of fire hits you!
Your icy armour melts away.
You resist.
You feel threatened and lose the ability to drink potions!
You die...

,* ,* ,* ***** .* **,,,**
.***⌠,,,,* ****************
##*∩,,,,,****,,,,,,,,,,,,,.#
.#**⌠,,,,,,*,,,,,,,,,,,,,,.#
.##**,,,,#**,*,###,,,,###..#
..##**#..# *,*,#@###+##∩#..*
...# #..##*,*.##ppp..'##.#*
...####...##,{..#.#'5#.#..#
....##......,...'.'[.'.#..#
..(.......###...#.'..'.'..#
..........##....#.#++#.#..#
..........##.#.##'....'##.#
...............#.##'###.*.#
...............###....###.#


You could see 3 hell knights and an iron imp.

Vanquished Creatures
  2 dread liches
  2 ancient liches
  A profane servitor (Abyss:2)
  A golden dragon (Vaults:5)
  3 tentacled monstrosities
  A titan (Vaults:4)
  A lich (Vaults:5)
  Asterion (Depths:1)
  3 deep elf blademasters
  2 deep elf master archers (Elf:3)
  A quicksilver dragon (shapeshifter) (Vaults:5)
  4 sphinxes
  2 thorn hunters (Swamp:4)
  6 tengu reavers
  A storm dragon (Vaults:5)
  4 shadow dragons
  4 nagarajas
  A fenstrider witch (Swamp:4)
  An iron dragon (Vaults:4)
  4 deep elf sorcerers
  11 vault wardens
  3 fire giants
  A frost giant (Vaults:4)
  Aizul (Snake:1)
  12 ironbound preservers
  A balrug (Depths:2)
  A ghoul (Swamp:3)
  An orc warlord (Vaults:2)
  3 deep elf elementalists (Elf:3)
  3 war gargoyles
  5 very ugly things
  6 ironbound thunderhulks
  6 eleionomae
  5 stone giants
  2 deep elf demonologists
  2 bunyips
  A vampire knight (Vaults:3)
  2 deep elf annihilators (Elf:3)
  A spark wasp (Depths:2)
  7 dire elephants
  4 deep elf death magi
  2 ettins
  2 fire dragons
  A shambling mangrove (Swamp:4)
  4 great orbs of eyes
  12 yaktaur captains
  6 deep elf high priests
  12 hydras
  Erolcha (Orc:1)
  31 vault guards
  2 peacekeepers
  2 ogre magi
  5 ironbound frosthearts
  A catoblepas (Lair:5)
  An ice dragon (Depths:1)
  A salamander tyrant (Snake:4)
  A death knight (D:14)
  10 two-headed ogres
  7 anacondas
  9 centaur warriors
  6 boulder beetles
  3 alligators
  2 deep troll shamans
  2 ghost crabs (Swamp:4)
  15 dancing weapons
  8 naga warriors
  18 death yaks
  3 deep troll earth magi
  A tengu warrior (D:15)
  Urug (D:12)
  5 orc high priests (Orc:2)
  9 naga sharpshooters
  6 hell knights
  9 deep elf knights
  7 shock serpents
  A sun demon (Depths:1)
  The ghost of kaesle the Cudgeller, a novice HOFi of Beogh (D:6)
  A shadow wraith (Vaults:5)
  2 skysharks (Lair:5)
  4 salamander mystics (Snake:4)
  A fire crab (Lair:4)
  4 sea snakes
  3 wretched stars (Abyss:2)
  2 iron trolls
  A spriggan druid (Swamp:4)
  6 deep elf archers
  A glowing orange brain (shapeshifter) (Vaults:5)
  6 swamp dragons
  23 deep trolls
  8 wizards
  A bog body (Swamp:1)
  The ghost of BuzzardItera the Cleaver, a novice MiBe of Trog (D:6)
  5 naga ritualists
  4 orc knights
  8 lindwurms
  3 phantasmal warriors
  A harpy (Vaults:1)
  14 ironbound convokers
  4 necromancers
  14 deep elf zephyrmancers
  A harpy (shapeshifter) (Elf:2)
  8 mana vipers
  9 deep elf pyromancers
  3 orc sorcerers
  20 ugly things
  2 will-o-the-wisps (Swamp:3)
  13 cyclopes
  3 manticores
  6 salamanders
  2 worldbinders (Abyss:2)
  14 elephants
  30 black mambas
  10 vault sentinels
  A torpor snail (Lair:1)
  An eye of devastation (shapeshifter) (D:14)
  A rust devil (Depths:2)
  A smoke demon (Depths:2)
  An orange demon (Lair:2)
  A gargoyle (D:12)
  A guardian serpent (Snake:3)
  12 cane toads
  4 unseen horrors
  16 naga magi
  Maggie (D:10)
  6 komodo dragons
  17 yaktaurs
  A tengu conjurer (D:15)
  2 efreet
  2 rime drakes (Lair:1)
  3 freezing wraiths
  An ice devil (Depths:2)
  A bloated husk (Swamp:1)
  4 polar bears
  12 trolls
  2 hornets
  16 blink frogs
  Prince Ribbit (D:6)
  3 raiju (Abyss:2)
  24 slime creatures
  A snapping turtle (shapeshifter) (Elf:2)
  3 shadows
  An air elemental (Elf:1)
  Sigmund (D:4)
  2 water elementals
  A vampire (D:14)
  2 ynoxinuls (Abyss:2)
  3 wraiths
  A chaos spawn (Depths:2)
  4 fire elementals
  5 wyverns
  A steam dragon (D:10)
  23 yaks
  5 basilisks
  7 wargs
  11 vampire mosquitoes
  5 swamp worms
  3 acid dragons
  A small abomination (Abyss:2)
  14 water moccasins
  27 nagas
  20 orc warriors
  4 swamp drakes (Swamp:4)
  4 black bears
  2 boggarts
  2 ice beasts
  14 centaurs
  19 wolves
  5 ogres
  A phantom (D:6)
  3 kobold brigands
  The ghost of Psyclone the Conjurer, an amateur DECj (D:6)
  6 bullfrogs
  5 earth elementals
  5 scorpions
  A gnoll sergeant (D:12)
  8 wights (D:9)
  Dowan (D:7)
  6 killer bees (D:10)
  2 electric eels (D:12)
  5 howler monkeys
  A quasit (Abyss:2)
  34 orc priests
  6 hounds
  A jelly (Lair:5)
  7 starcursed masses (Abyss:2)
  2 sleepcaps
  19 orc wizards
  3 iguanas
  A hell rat (Lair:2)
  8 gnolls
  13 adders
  2 river rats (D:6)
  2 white imps
  4 worms
  A dart slug (D:3)
  72 orcs
  11 ball pythons
  3 endoplasms
  6 giant cockroaches
  12 goblins
  12 hobgoblins
  7 jackals
  3 quokkas
  5 bats
  2 frilled lizards
  13 kobolds
  10 rats
1198 creatures vanquished.

Vanquished Creatures (collateral kills)
  Vashnia (Snake:4)
  A deep elf blademaster (Elf:3)
  A tentacled monstrosity (Vaults:5)
  A quicksilver dragon (Vaults:5)
  A deep elf master archer (Elf:3)
  2 titans (Vaults:5)
  7 sphinxes
  A thorn hunter (Swamp:4)
  5 nagarajas (Snake:4)
  3 tengu reavers
  A fire giant (Vaults:5)
  3 deep elf sorcerers (Elf:3)
  A frost giant (Vaults:4)
  8 vault wardens
  2 deep elf elementalists (Elf:3)
  3 ghouls (Swamp:3)
  The ghost of Emberosity the Fighter, a journeyman TrBe of Trog (Lair:4)
  3 war gargoyles
  10 ironbound preservers
  12 very ugly things
  5 stone giants
  4 deep elf demonologists
  2 deep elf annihilators (Elf:3)
  2 eleionomae (Swamp:3)
  A vampire knight (Depths:1)
  3 bunyips
  2 spark wasps (Depths:1)
  5 dire elephants
  Snorg (D:12)
  4 deep elf death magi (Elf:3)
  2 crystal guardians
  3 ettins
  3 yaktaur captains
  A shambling mangrove (Swamp:4)
  4 deep elf high priests
  A great orb of eyes (Vaults:1)
  A salamander tyrant (Snake:4)
  A rakshasa (Depths:1)
  Fannar (D:12)
  2 catoblepae
  3 ghost crabs
  9 vault guards
  11 hydras
  2 ironbound frosthearts
  6 centaur warriors
  2 peacekeepers
  3 alligators
  13 dancing weapons
  A two-headed ogre (Vaults:5)
  A death yak (Lair:5)
  A deep troll shaman (Depths:2)
  8 naga warriors
  A vampire mage (Vaults:3)
  A spriggan berserker (Swamp:4)
  8 naga sharpshooters
  A soul eater (Vaults:3)
  2 hell knights (Depths:2)
  8 deep elf knights
  Amaemon (Lair:2)
  The ghost of Xrynn the Protected, a novice MiFi (D:6)
  Sonja (D:12)
  5 goliath frogs
  2 iron trolls (Depths:2)
  4 skeletal warriors (D:15)
  A spriggan druid (Swamp:4)
  2 sea snakes (Snake:3)
  24 deep trolls
  4 swamp dragons
  A glowing orange brain (Vaults:1)
  8 ironbound convokers
  9 lindwurms
  5 bog bodies
  10 deep elf archers
  4 wizards
  3 naga ritualists
  An orc knight (Orc:1)
  4 deep elf pyromancers
  16 deep elf zephyrmancers
  2 phantasmal warriors
  2 mana vipers
  2 manticores (shapeshifter)
  A manticore (D:14)
  2 necromancers (Depths:2)
  15 ugly things
  7 salamanders
  2 guardian serpents
  12 black mambas
  5 naga magi
  9 vault sentinels
  4 elephants
  10 yaktaurs
  A troll (D:15)
  8 hornets
  A harpy skeleton (Abyss:2)
  2 blink frogs
  6 tyrant leeches
  A raiju (Abyss:2)
  2 large abominations (Abyss:2)
  12 slime creatures
  An air elemental (Elf:2)
  2 wraiths
  6 spriggans
  4 water elementals
  A yak (D:10)
  2 basilisks
  2 vampire mosquitoes (Swamp:1)
  3 small abominations (Abyss:2)
  22 nagas
  13 swamp worms
  2 wargs
  A nameless horror (Swamp:3)
  2 water moccasins
  8 swamp drakes
  3 orc warriors (Orc:1)
  3 ogres
  3 wolves (Lair:5)
  4 earth elementals
  2 electric eels (Lair:2)
  A howler monkey (D:10)
  2 orc priests
  A white imp (Abyss:2)
  An ufetubus (Abyss:2)
  3 orcs
500 creatures vanquished.

Vanquished Creatures (others)
  A lich (Vaults:5)
  A very ugly thing (Vaults:4)
  A deep troll shaman (Depths:2)
  2 will-o-the-wisps (Swamp:3)
  A large abomination (Abyss:2)
  A tengu conjurer (D:15)
  A yaktaur (Vaults:5)
  2 bloated husks
  2 dancing weapons
  An orc priest (Orc:2)
  2 orcs
  45 foxfires (Swamp:3)
  12 fulminant prisms
72 creatures vanquished.

Grand Total: 1770 creatures vanquished

Notes
Turn   | Place    | Note
-------+----------+-------------------------------------------
     0 | D:1      | Zonian the Deep Elf Ice Elementalist began the quest for
                  | the Orb.
     0 | D:1      | Reached XP level 1. HP: 10/10 MP: 6/6
   495 | D:1      | Reached XP level 2. HP: 15/15 MP: 6/8
  1401 | D:2      | Reached skill level 5 in Ice Magic
  1401 | D:2      | Reached XP level 3. HP: 17/19 MP: 2/9
  1686 | D:2      | Learned a level 3 spell: Frozen Ramparts
  1690 | D:2      | Learned a level 3 spell: Ozocubu's Armour
  1755 | D:2      | Reached XP level 4. HP: 23/24 MP: 8/11
  3188 | D:3      | Reached XP level 5. HP: 24/28 MP: 6/12
  3932 | D:3      | Found a faded altar of an unknown god.
  4905 | D:4      | Reached XP level 6. HP: 32/32 MP: 9/13
  5138 | D:4      | Noticed Sigmund
  5143 | D:4      | Killed Sigmund
  5275 | D:4      | You fall into a shaft and drop 1 floor!
  5275 | D:5      | Entered Level 5 of the Dungeon
  5945 | D:4      | Reached XP level 7. HP: 36/36 MP: 11/14
  6301 | D:4      | Found a staircase to the Ecumenical Temple.
  6307 | Temple   | Entered the Ecumenical Temple
  6526 | Temple   | Became a worshipper of Ashenzari the Shackled
  6874 | D:5      | Reached skill level 4 in Spellcasting
  7359 | D:5      | Found a sacrificial altar of Ru.
  7824 | D:5      | Learned a level 2 spell: Blink
  7958 | D:6      | Noticed Blork the orc
  8036 | D:6      | Reached skill level 5 in Spellcasting
  8036 | D:6      | Reached skill level 1 in Translocations
  8036 | D:6      | Reached XP level 8. HP: 41/41 MP: 14/18
  8091 | D:6      | Noticed Prince Ribbit
  8121 | D:6      | Killed Prince Ribbit
  8122 | D:6      | Reached skill level 5 in Stealth
  8181 | D:6      | Reached * piety under Ashenzari
  8315 | D:6      | Reached skill level 5 in Dodging
  8458 | D:6      | Found Qyeloav's Armour Boutique.
  8464 | D:6      | Bought a +1 pair of gloves of stealth for 181 gold pieces
  8722 | D:6      | Found a runed translucent gate.
  8724 | D:6      | Noticed kaesle's ghost (novice HOFi)
  8725 | D:6      | Found a runed translucent gate.
  8725 | D:6      | Found a runed translucent gate.
  8725 | D:6      | Noticed BuzzardItera's ghost (novice MiBe)
  8726 | D:6      | Noticed Psyclone's ghost (amateur DECj)
  8727 | D:6      | Noticed Xrynn's ghost (novice MiFi)
  8824 | D:6      | Reached skill level 6 in Spellcasting
  9012 | D:6      | Reached ** piety under Ashenzari
  9040 | D:6      | Learned a level 2 spell: Lesser Beckoning
  9952 | D:7      | Reached XP level 9. HP: 36/45 MP: 20/23
 10024 | D:7      | Noticed a two-headed ogre
 10030 | D:7      | Found a flagged portal.
 10070 | Bailey   | Entered a bailey
 10280 | Bailey   | Reached skill level 1 in Short Blades
 10280 | Bailey   | Reached skill level 10 in Ice Magic
 10440 | Bailey   | Reached skill level 7 in Spellcasting
 10669 | Bailey   | Noticed an orc knight
 10677 | Bailey   | Noticed an orc warlord
 11230 | D:7      | Killed a two-headed ogre
 11445 | D:7      | Identified the +0 ring mail of the Unbroken {rF- rN++
                  | Str+6}
 11537 | D:7      | Found Deunt's Self-Improvement Boutique.
 11537 | D:7      | Noticed Duvessa
 11537 | D:7      | Noticed Dowan
 11637 | D:7      | Killed Dowan
 12068 | D:8      | Reached skill level 5 in Translocations
 12461 | D:8      | Reached skill level 8 in Spellcasting
 12479 | D:8      | Found Lofainax's Gadget Gallery.
 12495 | D:8      | Reached *** piety under Ashenzari
 12558 | D:8      | Noticed a troll
 12568 | D:8      | Killed a troll
 12569 | D:8      | Reached XP level 10. HP: 44/50 MP: 17/26
 12744 | D:8      | Noticed Maurice
 13312 | D:9      | Found a staircase to the Lair.
 13345 | D:9      | Reached **** piety under Ashenzari
 13355 | D:9      | Identified Ricijauk's Lectures on the Gestalt and the
                  | Congregation
 13365 | D:9      | Learned a level 4 spell: Summon Ice Beast
 13368 | D:9      | Learned a level 2 spell: Passwall
 13959 | D:9      | Reached skill level 1 in Summonings
 13959 | D:9      | Reached skill level 1 in Transmutations
 13959 | D:9      | Reached skill level 1 in Earth Magic
 13959 | D:9      | Reached skill level 1 in Evocations
 15088 | Lair:1   | Entered Level 1 of the Lair of Beasts
 15245 | Lair:1   | Noticed a cane toad
 15464 | Lair:1   | Killed a cane toad
 15673 | Lair:1   | Noticed a torpor snail
 15698 | Lair:1   | Killed a torpor snail
 15699 | Lair:1   | Reached skill level 1 in Air Magic
 15857 | Lair:1   | Reached skill level 1 in Fighting
 15860 | Lair:1   | Reached skill level 5 in Short Blades
 15860 | Lair:1   | Reached XP level 11. HP: 58/58 MP: 20/27
 17154 | Lair:1   | Learned a level 4 spell: Summon Lightning Spire
 17234 | Lair:1   | Reached skill level 5 in Summonings
 17234 | Lair:1   | Reached skill level 5 in Transmutations
 17234 | Lair:1   | Reached skill level 5 in Earth Magic
 18085 | Lair:2   | Found a staircase to the Snake Pit.
 18346 | Lair:2   | Found a staircase to the Swamp.
 18623 | Lair:2   | Found a radiant altar of Vehumet.
 18626 | Lair:2   | Noticed Amaemon
 18634 | Lair:2   | Identified the +5 war axe of Karma {heavy, rCorr}
 19130 | Lair:2   | Killed Amaemon
 19131 | Lair:2   | Reached skill level 1 in Armour
 19492 | Lair:2   | Reached XP level 12. HP: 69/69 MP: 25/28
 19773 | Lair:2   | Noticed a catoblepas
 19773 | Lair:2   | Noticed a dire elephant
 19801 | Lair:2   | Found a runed translucent door.
 20166 | Lair:3   | Noticed a death yak
 20505 | D:6      | Killed kaesle's ghost
 20517 | D:6      | Killed BuzzardItera's ghost
 20522 | D:6      | Killed Xrynn's ghost
 20744 | D:6      | Killed Psyclone's ghost
 21219 | Lair:3   | Noticed a death yak
 21219 | Lair:3   | Noticed a death yak
 21221 | Lair:3   | Identified a scroll of acquirement
 21236 | Lair:3   | Killed a death yak
 21585 | Lair:3   | Acquired 588 gold pieces
 21788 | Lair:3   | Reached skill level 5 in Air Magic
 21833 | Lair:3   | Noticed a death yak
 21853 | Lair:3   | Noticed a death yak
 23044 | Lair:4   | Noticed Emberosity's ghost (journeyman TrBe)
 23046 | Lair:4   | Noticed a catoblepas
 23078 | Lair:4   | Found a runed translucent gate.
 23078 | Lair:4   | Found a runed translucent gate.
 23079 | Lair:4   | Found a runed translucent gate.
 23229 | Lair:4   | Noticed a five-headed hydra
 23234 | Lair:4   | Killed a five-headed hydra
 23280 | Lair:4   | Reached skill level 10 in Dodging
 23288 | Lair:4   | Reached skill level 5 in Fighting
 23802 | Lair:4   | Reached skill level 10 in Stealth
 24746 | Lair:5   | Entered Level 5 of the Lair of Beasts
 24971 | Lair:5   | Noticed a death yak
 24972 | Lair:5   | Noticed a death yak
 24973 | Lair:5   | Noticed a death yak
 25124 | D:10     | Entered Level 10 of the Dungeon
 25184 | D:10     | Noticed Maggie
 25186 | D:10     | Found a portal to a secret trove of treasure.
 25191 | D:10     | Killed Maggie
 25237 | D:10     | Reached XP level 13. HP: 78/78 MP: 26/29
 26127 | D:10     | Identified the +11 trident "Itsex" {spect, *Rage Fly rElec
                  | rF++}
 26129 | D:10     | Identified the +2 quarterstaff of the Powerful God {venom,
                  | *Slow rPois rF+++}
 26129 | D:10     | Identified the +3 war axe of the Head {spect, rC- rN++}
 26649 | D:11     | Reached ***** piety under Ashenzari
 28056 | D:11     | Found the +18 shield of the Gong {Loud rN+ Will+ rCorr
                  | EV-5}
 28602 | D:12     | Noticed Snorg
 29790 | D:12     | Killed Snorg
 30277 | D:12     | Noticed Rupert
 30373 | D:12     | Noticed Urug
 30381 | D:12     | Killed Urug
 30433 | D:12     | Noticed Sonja
 30455 | D:12     | Killed Sonja
 31630 | D:12     | Noticed Fannar
 31880 | D:12     | Killed Fannar
 32093 | D:12     | Found a staircase to the Orcish Mines.
 32788 | D:12     | Identified the +6 halberd "Emisor" {holy, rN+ Str+3 Int+2
                  | Dex-3}
 32788 | D:12     | Noticed a frost giant
 33862 | D:12     | Learned a level 3 spell: Tukima's Dance
 34107 | D:12     | Identified the Folio of Wintry Rallying
 34881 | D:13     | Reached skill level 1 in Hexes
 35382 | D:13     | Acquired the +0 rapier of Abomination {speed, rPois rC-
                  | Will+ Int+5}
 36110 | D:14     | Reached XP level 14. HP: 76/88 MP: 28/31
 38181 | D:7      | Bought a manual of Fighting for 1280 gold pieces
 38800 | D:13     | Learned a level 4 spell: Fulminant Prism
 39547 | D:14     | Reached skill level 9 in Spellcasting
 39827 | D:14     | Reached skill level 1 in Conjurations
 40718 | D:14     | Found a gate to the Vaults.
 41854 | Lair:3   | Reached skill level 1 in Long Blades
 43299 | Lair:5   | Found a staircase to the Slime Pits.
 43299 | Lair:5   | Found a viscous altar of Jiyva.
 43961 | Lair:5   | Reached skill level 10 in Spellcasting
 43972 | Lair:5   | Reached XP level 15. HP: 64/96 MP: 21/34
 44656 | Lair:5   | Identified the +5 long sword of Discretion {speed, rPois
                  | Dex+4}
 46017 | Lair:5   | Reached skill level 5 in Conjurations
 46325 | Lair:5   | Identified the Commentary on Blasts
 46340 | Lair:5   | Reached skill level 11 in Spellcasting
 46351 | Lair:5   | Acquired a Grand Grimoire
 46371 | Lair:5   | Learned a level 4 spell: Passage of Golubria
 47175 | D:14     | Reached skill level 10 in Summonings
 47382 | D:15     | Entered Level 15 of the Dungeon
 47796 | D:15     | Reached skill level 10 in Fighting
 49861 | D:15     | Reached skill level 5 in Long Blades
 50091 | D:15     | Acquired a book of Air
 50097 | D:15     | Learned a level 3 spell: Swiftness
 50149 | D:15     | Found a staircase to the Depths.
 51173 | Orc:1    | Entered Level 1 of the Orcish Mines
 51235 | Orc:1    | Noticed Erolcha
 51251 | Orc:1    | Killed Erolcha
 52264 | Orc:2    | Entered Level 2 of the Orcish Mines
 52896 | Orc:2    | Reached XP level 16. HP: 56/107 MP: 33/37
 53056 | Orc:2    | Found Momuf's Antique Armour Shop.
 53056 | Orc:2    | Found Zouklum's Jewellery Emporium.
 53384 | Orc:2    | Found Sasakheb's Armour Shop.
 53572 | Orc:2    | Found Goirev's Magic Scroll Emporium.
 53594 | Orc:2    | Bought 3 scrolls of blinking for 315 gold pieces
 53820 | Orc:2    | Found Ivehoq's Distillery.
 53885 | Orc:2    | Found a staircase to the Elven Halls.
 54720 | Snake:1  | Entered Level 1 of the Snake Pit
 55194 | Snake:1  | Noticed Aizul
 55229 | Snake:1  | Killed Aizul
 57062 | Snake:1  | Found a shimmering blue altar of Sif Muna.
 59238 | Snake:2  | Learned a level 7 spell: Summon Hydra
 59350 | Snake:2  | Reached skill level 5 in Hexes
 60197 | Snake:2  | Reached skill level 12 in Spellcasting
 62045 | Snake:3  | Reached skill level 15 in Summonings
 62481 | Snake:3  | Noticed a hellephant
 62727 | Snake:3  | Reached XP level 17. HP: 85/116 MP: 38/38
 62905 | Snake:3  | Found a one-way gate to the infinite horrors of the Abyss.
 62905 | Snake:3  | Noticed Xysitod's ghost (adept DsWr)
 62944 | Snake:3  | Found a transporter.
 62954 | Snake:3  | Found a transporter.
 63400 | Snake:3  | Found Reopoets's Jewellery Shoppe.
 63400 | Snake:3  | Found Fuestix's Book Boutique.
 63401 | Snake:3  | Found Hehosam's Jewellery Shoppe.
 63821 | Snake:3  | Reached skill level 13 in Spellcasting
 64527 | Snake:4  | Entered Level 4 of the Snake Pit
 64527 | Snake:4  | Noticed Vashnia
 65794 | Snake:4  | Found Kuwip's Magic Scroll Boutique.
 66662 | Snake:3  | Learned a level 4 spell: Airstrike
 66692 | Snake:4  | Bought a scroll of teleportation for 36 gold pieces
 66692 | Snake:4  | Bought a scroll of blinking for 90 gold pieces
 66692 | Snake:4  | Bought a scroll of blinking for 90 gold pieces
 66854 | Snake:4  | Learned a level 3 spell: Mephitic Cloud
 66948 | Snake:4  | Reached skill level 14 in Spellcasting
 69651 | Snake:4  | Killed Vashnia
 71491 | Snake:4  | Acquired a book of Lightning
 71516 | Snake:4  | Reached skill level 15 in Spellcasting
 71659 | Snake:4  | Got a serpentine rune of Zot
 71964 | Swamp:1  | Entered Level 1 of the Swamp
 73977 | Swamp:2  | Reached skill level 1 in Throwing
 76024 | Swamp:3  | Reached XP level 18. HP: 98/124 MP: 28/42
 76936 | Swamp:3  | Reached skill level 16 in Spellcasting
 79309 | Swamp:4  | Entered Level 4 of the Swamp
 80613 | Swamp:4  | Reached skill level 5 in Evocations
 82309 | Swamp:4  | Reached skill level 17 in Spellcasting
 83092 | Swamp:4  | Found an ancient bone altar of Kikubaaqudgha.
 84911 | Snake:3  | Bought the ring of Qeaffolo {rElec Will++ rCorr Str+6
                  | Int-2} for 1177 gold pieces
 85105 | Swamp:4  | Got a decaying rune of Zot
 86054 | Elf:1    | Entered Level 1 of the Elven Halls
 86067 | Elf:1    | Paralysed by an air elemental for 1 turns
 86114 | Elf:1    | Reached skill level 1 in Necromancy
 86387 | Elf:1    | Found a transporter.
 86390 | Elf:1    | Identified the ring of the Castellan {*Corrode rElec MP+9
                  | Int+4}
 86390 | Elf:1    | Identified the +1 mace of Kindness {freeze, Will+}
 86392 | Elf:1    | Identified the ring "Paqiena" {Will- rCorr AC+4 Str+5
                  | Dex+3}
 86747 | Elf:1    | Learned a level 4 spell: Dispel Undead
 88060 | Elf:1    | Reached skill level 18 in Spellcasting
 89084 | Elf:1    | Reached XP level 19. HP: 103/128 MP: 27/46
 89322 | Elf:1    | Found a transporter.
 89690 | Elf:2    | Identified Roxanne's Spellbook of the Caves
 89690 | Elf:2    | Noticed Roxanne
 90326 | Elf:2    | Learned a level 5 spell: Arcjolt
 90657 | Elf:2    | Reached skill level 1 in Shields
 91269 | Elf:2    | Found a runed translucent gate.
 91269 | Elf:2    | Found a runed translucent gate.
 91269 | Elf:2    | Found a runed translucent gate.
 91795 | Elf:2    | Found Beplaz Ytwa's Antique Armour Boutique.
 92287 | Elf:3    | Entered Level 3 of the Elven Halls
 92287 | Elf:3    | Found Jepseuts's Weapon Boutique.
 93540 | Elf:3    | Reached skill level 19 in Spellcasting
 96248 | Elf:3    | Identified the +7 war axe "Beastslayer" {venom, rC+ Dex-3
                  | SInv}
 96248 | Elf:3    | Identified the ring "Buell" {Ice rN+ Dex+5 SInv}
 96260 | Elf:3    | Reached skill level 20 in Spellcasting
 96612 | Elf:3    | Identified the +10 dagger of Kurr {drain, rC- rN+ Int+7
                  | Stlth+}
 96612 | Elf:3    | Identified the amulet "Kuczaisa" {Regen+ Int+4}
 96729 | Elf:3    | Identified the +8 falchion of the Exiled Lies {freeze,
                  | *Slow rPois rF+++ rC+}
 96956 | Elf:3    | Identified the +10 double sword of Tenacity {venom, Dex+2
                  | SInv}
 96956 | Elf:3    | Identified the ring "Wiagh" {rC+ Int+6 Dex+2 SInv}
 97558 | Elf:3    | Identified the +8 short sword of Animal Spirits {venom,
                  | Str+3}
 97573 | Elf:3    | Identified the +4 war axe "Worisol" {flame, Stlth+}
 97852 | Elf:3    | Reached skill level 21 in Spellcasting
 98116 | Elf:3    | Identified Ropaesk's Handbook of Cryomancy and the Band
 98118 | Elf:3    | Identified the staff of fire "Isere" {Drain Fly rF+ rC+
                  | Str+5}
 98119 | Elf:3    | Identified the +4 mace of Niphiseud {freeze, rC+ Str+3
                  | SInv}
 98119 | Elf:3    | Identified the Codex of the Gestalt and the Map
 99111 | Vaults:1 | Entered Level 1 of the Vaults
 99727 | Vaults:1 | Reached skill level 10 in Long Blades
100087 | Vaults:1 | Found a gateway to a bazaar.
100112 | Bazaar   | Entered a bazaar
100124 | Bazaar   | Found Jounint's General Store.
100146 | Bazaar   | Found Gitit's Antique Armour Emporium.
100167 | Bazaar   | Found Voest's Book Boutique.
100184 | Bazaar   | Found Aregeul's Assorted Antiques.
100351 | Bazaar   | Bought a scroll of enchant armour for 52 gold pieces
100351 | Bazaar   | Bought a potion of heal wounds for 35 gold pieces
100387 | Bazaar   | Bought a book of Beasts for 304 gold pieces
101004 | Vaults:1 | Identified the +0 scimitar of Absolution {drain, +Blink
                  | rPois rF- Dex+7}
101234 | Vaults:1 | Reached XP level 20. HP: 90/134 MP: 33/50
101450 | Vaults:1 | Reached skill level 22 in Spellcasting
101956 | Vaults:1 | Found the -2 hat of the Alchemist {rElec rPois rF+ rC+ rN+
                  | Will+ rMut rCorr}
102555 | Vaults:2 | Learned a level 6 spell: Plasma Beam
102588 | Vaults:2 | Reached skill level 1 in Fire Magic
105640 | Elf:2    | Learned a level 7 spell: Monstrous Menagerie
105693 | Elf:2    | Reached skill level 5 in Fire Magic
105823 | Elf:2    | Reached skill level 23 in Spellcasting
108823 | Vaults:3 | Found a staircase to the Crypt.
109883 | Vaults:3 | Identified the +2 dagger "Cesh" {flame, Int+3}
110092 | Vaults:3 | Found Kyoboleh's Assorted Antiques.
110132 | Vaults:3 | Bought a scroll labelled ZIATHO LI JUA for 31 gold pieces
110132 | Vaults:3 | Bought a scroll of teleportation for 93 gold pieces
110344 | Vaults:3 | Reached XP level 21. HP: 137/139 MP: 36/53
112112 | Vaults:4 | Reached skill level 24 in Spellcasting
112193 | Vaults:4 | Noticed an ancient lich
112208 | Vaults:4 | Killed an ancient lich
112715 | Vaults:4 | Reached skill level 10 in Air Magic
115578 | Vaults:4 | Learned a level 5 spell: Borgnjor's Vile Clutch
116233 | Lair:4   | Killed Emberosity's ghost
117167 | D:8      | Bought a lightning rod (4/4) for 360 gold pieces
117167 | D:8      | Bought a wand of iceblast (4) for 115 gold pieces
117441 | Vaults:5 | Entered Level 5 of the Vaults
117444 | Vaults:5 | Reached skill level 5 in Necromancy
118179 | Vaults:4 | Reached XP level 22. HP: 49/145 MP: 41/55
121697 | Vaults:5 | Identified the +10 falchion of the People {drain, rPois
                  | rC+}
123068 | Vaults:5 | Identified the +3 trident of Ignis's Supremacy {flame,
                  | Will++ rCorr MP-9 Dex+2}
124233 | Vaults:5 | Identified the Atlas of Accomplices and Spellbinding
124592 | Vaults:5 | Noticed a dread lich
124596 | Vaults:5 | Killed a dread lich
125246 | Vaults:5 | Noticed a golden dragon
125258 | Vaults:5 | Killed a golden dragon
125560 | Vaults:5 | Identified the +4 hand axe of the Eggplant {flame, rCorr
                  | Int+5}
125714 | Vaults:5 | Identified the +2 chain mail of the Barber Surgeon {rElec}
128338 | Vaults:5 | Found Ruarou Cuur's Distillery.
128346 | Vaults:5 | Bought a potion of heal wounds for 75 gold pieces
128698 | Vaults:5 | Identified the +3 dire flail "Nushralim" {antimagic, rF+
                  | Will+}
128816 | Vaults:5 | Identified the Parchment of the Barrage and Algor
129126 | Vaults:5 | Identified Sif Muna's Teachings on the Tesseract
129143 | Vaults:5 | Got a silver rune of Zot
130123 | Depths:1 | Entered Level 1 of the Depths
130194 | Depths:1 | Found a hide-covered altar of Uskayaw.
130249 | Depths:1 | Noticed Asterion
130254 | Depths:1 | Killed Asterion
130255 | Depths:1 | Reached skill level 15 in Fighting
130385 | Depths:1 | Found Nidadoh's Weapon Shop.
130685 | Depths:1 | Found a glowing silver altar of Zin.
130773 | Depths:1 | Found a gateway to Hell.
131234 | Depths:1 | Reached XP level 23. HP: 20/153 MP: 34/56
132066 | Depths:2 | Noticed an ancient lich
132068 | Depths:2 | Found a one-way gateway to a ziggurat.
132068 | Depths:2 | Noticed a dread lich
132068 | Depths:2 | Identified Hirejy's Discursus on the Grave and
                  | Metamorphosis
132125 | Depths:2 | Identified the +0 leather armour "Jan Ikae" {rPois Will+
                  | SInv Stlth+}
132133 | Depths:2 | Killed an ancient lich
133890 | Depths:2 | Reached skill level 10 in Necromancy
134152 | Depths:2 | Killed a dread lich
134628 | Depths:2 | Found a one-way gate leading to the halls of Pandemonium.
134866 | Abyss:2  | Found a corrupted altar of Lugonu.
134866 | Abyss:2  | Cast into level 2 of the Abyss (hell knight)
135175 | Abyss:2  | Paralysed by accursed screaming for 1 turns
135262 | Abyss:2  | Found a corrupted altar of Lugonu.
135288 | Depths:2 | Escaped the Abyss
135296 | Depths:2 | HP: 6/124 [hell knight/+1 broad axe of pain (14)]
135296 | Depths:2 | Killed from afar by a hell knight

Illustrated notes

Levels and vault maps discovered:
D:1:      eino_arrival_tree_alley, layout_loops_ring
D:2:      layout_basic
D:3:      layout_basic, shapermc_ecumenical_altar_petra
D:4:      layout_basic, minmay_temple_entry_gardened_gates,
          chequers_mini_garden, minmay_box_of_dots, uniq_sigmund
D:5:      layout_gridville, mainiacjoe_overflow_cross_hatched
D:6:      minmay_angry_zag, layout_loops_ring, gammafunk_ghost_cemetery,
          portal_sewer_entry_e, serial_shops, nicolae_shop_rolling_square,
          hangedman_decor_slide_cut, uniq_blork_the_orc, uniq_prince_ribbit1
D:7:      layout_basic, enter_bailey_1, nicolae_shop_self_help, uniq_duvessa
D:8:      layout_cave_pools, st_stairs_6, nicolae_sextant, nicolae_shop_gadgets,
          uniq_maurice
D:9:      layout_irregular_city, david_lair_shrubbed, serial_bayou_crossing
D:10:     minmay_the_grid_triangle_9x9_rhombus_thin
          [minmay_the_grid_triangle_9x9_shrine,
          minmay_the_grid_triangle_9x9_prize_insulated,
          minmay_the_grid_triangle_9x9_semitri,
          minmay_the_grid_triangle_9x9_from_above], layout_rooms, enter_trove_0,
          grunt_ogre_cave, grunt_decor_one_mirror, minmay_door_square,
          uniq_maggie
D:11:     minmay_stone_box, layout_loops_ring, hellmonk_guarded_unrand_gong
D:12:     nzn_winding_woodlands_stair_trap
          [nzn_winding_woodlands_5x15_sidewinder,
          nzn_winding_woodlands_5x15_pathside_ponds,
          nzn_winding_woodlands_5x15_eye, nzn_winding_woodlands_15x15_eel_pit,
          nzn_winding_woodlands_5x15_twine, nzn_winding_woodlands_5x15_zeroes,
          nzn_winding_woodlands_5x15_pool], layout_layer_cave, uniq_rupert,
          uniq_sonja, uniq_snorg, uniq_urug, uniq_fannar
D:13:     layout_gridville
D:14:     layout_cave_pools, lightli_vaults_fourway_checkpoint,
          portal_ice_cave_entry_pillars_three, minmay_fountain_box,
          dreamdust_princess_corridor, chequers_serial_rivers_micro_d
D:15:     hangedman_depths_entry_civil_slaughter, layout_basic, serial_aquarium,
          aquarium_bridge_long_separate [aquarium_subvault_bridge,
          aquarium_subvault_bridge, aquarium_subvault_bridge,
          aquarium_subvault_bridge, aquarium_subvault_bridge,
          aquarium_subvault_wall], aquarium_window_corner,
          aquarium_window_corridor_2, aquarium_window_fake, aquarium_window_2,
          aquarium_view_4, aquarium_balcony_3a, grunt_decor_mini_mirrors
Temple:   roderic_octagonal_lattice_temple
Lair:1:   layout_regular_city, beast_lair_carwin_2, grunt_megastairs_2,
          infiniplex_staircase_pool_2
Lair:2:   gammafunk_lair_enchanted_lake, layout_small_grid, swamp_mist,
          guppyfry_snake_entry_garden, basic_altar, uniq_amaemon
Lair:3:   layout_gridlike, grunt_megastairs_5
Lair:4:   layout_cave_pods, gammafunk_ghost_split
Lair:5:   grunt_lair_end_beastmaster, layout_cave_pods,
          minmay_slime_entry_pillars, lemuel_fruit_tree
Swamp:1:  layout_basic_swamp, evilmike_swamp_ruin_house_3
Swamp:2:  layout_basic_swamp, evilmike_swamp_ruin_house_5
Swamp:3:  nicolae_swamp_long_stream, layout_falls_marsh,
          evilmike_swamp_ruin_wall, swamp_pool5, nicolae_swamp_wisp_ring_woods
Swamp:4:  swamp_alternative, layout_basic_swamp, swamp_pool5, grunt_ruined_hall
Snake:1:  layout_gridlike, serial_curves, eino_curves_01, eino_curves_03,
          basic_altar, uniq_aizul
Snake:2:  layout_rooms, serial_bayou_pond_a
Snake:3:  layout_rooms, gammafunk_ghost_abyssal_escape, drop_trap,
          guppyfry_snake_island, serial_bayou_shore_b, minmay_shop_grove
Snake:4:  minmay_snake_end_coiled, layout_misc_corridors, serial_shops,
          nicolae_shop_temple_entry_statues_fountains, drop_trap,
          serial_bayou_shore_a, uniq_vashnia
Orc:1:    layout_caves, nicolae_orc_stony_grotto, uniq_erolcha
Orc:2:    st_orc_town, layout_diamond_mine, serial_shops,
          nicolae_lakefront_shop, basic_altar
Elf:1:    gammafunk_its_a_trap, layout_loops_cross,
          kennysheep_underground_church
Elf:2:    elven_hall_of_blades_hangedman_original [grunt_blade_entry_basic],
          layout_loops_corners, serial_shops, nicolae_lakefront_shop,
          nicolae_elf_v_pinch, uniq_roxanne
Elf:3:    minmay_elf_hall_statues, layout_geoelf_diagonals, serial_shops, shop
Vaults:1: nicolae_vaults_tetromino_Z_1, nicolae_vaults_tangram_2,
          vaults_room_door_hall, vaults_mumra_bighexcomb,
          ontoclasm_vaults_ring_small, nicolae_vaults_stepped_doors,
          nicolae_vaults_ninety_degrees, hangedman_vaults_stretched_pinwheel,
          nicolae_vaults_asterisk, nicolae_vaults_diamond_1, vaults_dpeg_cross,
          ontoclasm_vaults_decontamination, grunt_vaults_hallway_short,
          nicolae_vaults_tetromino_L_1, layout_vaults_ring, serial_shops,
          bzr_entry_islet
Vaults:2: v_misc_29, v_misc_33, ontoclasm_vaults_loading_screen,
          grunt_vaults_focal, grunt_vaults_hallway_long, v_misc_24,
          layout_vaults_quadrants
Vaults:3: minmay_crypt_entry_simple_round, nicolae_vaults_storage_closets_3,
          nicolae_vaults_weapon_check, nicolae_vaults_asterisk, v_misc_15,
          v_misc_15, nicolae_vaults_cochlea,
          nicolae_vaults_offset_grid_hallway_4, vaults_dpeg_hooks,
          hangedman_vaults_slice, v_pattern_4, nicolae_vaults_little_squares_4,
          vaults_room_stairs_pillars, nicolae_vaults_tetromino_T_2,
          vaults_room_door_hall, grunt_vaults_hallway_long,
          layout_vaults_omnibox, serial_shops, shop
Vaults:4: v_rooms_6, nicolae_vaults_cornered_office, vaults_dpeg_doors,
          dpeg_vaults_waves, hangedman_vaults_pinch, v_misc_17,
          hangedman_vaults_maws, nicolae_vaults_closet_pinwheel_3,
          grunt_vaults_hallway_short, nicolae_vaults_closet_pinwheel_4,
          v_misc_25, layout_vaults_maze_bifur
Vaults:5: serial_shops
Depths:1: layout_gridlike, hangedman_geh_valley, nicolae_uskayaw_en_pointe,
          zin_statuary, minmay_shop_star, uniq_asterion
Depths:2: dreamdust_cat_pyramid, layout_cave_shapes, enter_ziggurat_d,
          hell_entry, abyss_entry_crystal, rand_demon_pan_entry_7,
          minmay_misc_feat_diagonals

Skill      XL: |  1  2  3  4  5  6  7  8  9 10 11 12 13 14 15 16 17 18 19 20 21 22 23 |
---------------+----------------------------------------------------------------------+-----
Stealth        | 3 4 6 7 8 10 12 13 | 13.3
Ice Magic      | 5 6 7 8 9 10 11 | 11.0
Dodging        | 3 4 5 7 8 10 12 13 | 13.9
Spellcasting   | 5 6 8 10 11 12 15 18 21 23 24 | 24.3
Translocations | 1 3 5 |  5.3
Short Blades   | 3 5 6 7 |  7.3
Summonings     | 4 6 7 9 12 15 18 19 20 22 | 22.5
Transmutations | 4 5 |  5.1
Earth Magic    | 4 5 6 |  6.8
Evocations     | 2 3 5 7 9 |  9.0
Air Magic      | 1 4 6 7 8 10 | 10.8
Fighting       | 1 3 5 7 8 11 13 14 15 | 15.9
Armour         | 1 4 |  4.0
Hexes          | 2 4 5 6 |  6.6
Conjurations   | 3 5 |  5.3
Long Blades    | 2 6 8 9 11 13 | 13.2
Throwing       | 2 3 |  3.1
Necromancy     | 4 5 9 11 | 11.3
Shields        | 3 |  3.3
Fire Magic     | 7 8 |  8.8

Action                     |  1- 3 |  4- 6 |  7- 9 | 10-12 | 13-15 | 16-18 | 19-21 | 22-24 || total
---------------------------+-------+-------+-------+-------+-------+-------+-------+-------++-------
  Melee: Dagger            |     5 |    20 |   196 |    73 |   505 |       |   883 |   722 ||  2404
         Punch             |       |       |     4 |    13 |     1 |       |       |       ||    18
         Short sword       |       |       |       |   521 |   837 |   107 |       |       ||  1465
         Rapier            |       |       |       |       |   181 |       |       |       ||   181
         Long sword        |       |       |       |       |   260 |   998 |   155 |    26 ||  1439
         Trident           |       |       |       |       |       |     3 |       |       ||     3
         Double sword      |       |       |       |       |       |       |    26 |     8 ||    34
         Falchion          |       |       |       |       |       |       |     3 |       ||     3
   Fire: Sling             |       |    13 |    11 |       |       |       |       |       ||    24
  Throw: Boomerang         |       |       |     6 |     9 |     6 |    30 |     2 |       ||    53
         Dart              |       |       |     4 |     4 |    20 |     3 |     1 |       ||    32
         Throwing net      |       |       |       |       |     2 |       |       |       ||     2
   Cast: Freeze            |    33 |    75 |    18 |    52 |    10 |    21 |     5 |     1 ||   215
         Frozen Ramparts   |       |     7 |    41 |    53 |   104 |    55 |    12 |     4 ||   276
         Ozocubu's Armour  |       |     1 |    10 |    35 |    59 |    24 |     7 |     3 ||   139
         Summon Ice Beast  |       |       |       |     9 |    50 |    29 |     2 |       ||    90
         Summon Lightning  |       |       |       |     5 |    35 |   177 |    87 |     2 ||   306
         Passwall          |       |       |       |     2 |     4 |       |       |       ||     6
         Blink             |       |       |       |     2 |    13 |    16 |    26 |     9 ||    66
         Fulminant Prism   |       |       |       |       |     6 |     6 |       |       ||    12
         Tukima's Dance    |       |       |       |       |     3 |    10 |     1 |       ||    14
         Lesser Beckoning  |       |       |       |       |     1 |     2 |     3 |    10 ||    16
         Swiftness         |       |       |       |       |       |     4 |     3 |     2 ||     9
         Airstrike         |       |       |       |       |       |   130 |    81 |    13 ||   224
         Summon Hydra      |       |       |       |       |       |    55 |   133 |    34 ||   222
         Mephitic Cloud    |       |       |       |       |       |       |     4 |       ||     4
         Passage of Golubr |       |       |       |       |       |       |     2 |       ||     2
         Arcjolt           |       |       |       |       |       |       |     9 |    24 ||    33
         Monstrous Menager |       |       |       |       |       |       |    52 |   110 ||   162
         Plasma Beam       |       |       |       |       |       |       |     6 |     7 ||    13
         Dispel Undead     |       |       |       |       |       |       |     2 |    11 ||    13
         Borgnjor's Vile C |       |       |       |       |       |       |     1 |    20 ||    21
 Invoke: Curse Item        |       |       |     5 |     2 |     2 |     1 |     3 |     1 ||    14
         Shatter the Chain |       |       |       |       |       |     2 |     2 |     2 ||     6
  Evoke: Wand              |       |     4 |     7 |    20 |    27 |    11 |    19 |    18 ||   106
         Lightning rod     |       |       |       |       |       |       |       |     5 ||     5
    Use: Scroll            |       |    11 |     7 |     3 |    11 |     8 |     9 |    15 ||    64
         Potion            |       |       |     1 |     3 |     5 |    11 |    13 |     7 ||    40
   Stab: Sleeping          |     3 |     4 |     7 |    21 |    31 |    16 |    42 |     9 ||   133
         Distracted        |       |       |       |     3 |    14 |    25 |    29 |    23 ||    94
         Paralysed         |       |       |       |       |     1 |       |     2 |     2 ||     5
         Confused          |       |       |       |       |       |       |     3 |     1 ||     4
 Armour: Robe              |     4 |     4 |       |       |       |       |       |       ||     8
         Leather armour    |       |     1 |    31 |    81 |   166 |     2 |       |       ||   281
         Ring mail         |       |       |       |       |       |   190 |   199 |   150 ||   539
  Dodge: Dodged            |    12 |    44 |    92 |   323 |   889 |   866 |   527 |   398 ||  3151
  Block: Other             |       |     8 |    28 |    73 |     5 |       |       |       ||   114
         Reflection        |       |     1 |     1 |       |    22 |    63 |    47 |    35 ||   169
         Buckler           |       |       |       |       |   405 |   421 |   363 |   299 ||  1488
